 Dungeon Crawl Stone Soup version 0.30-a0-360-g447f08457e (webtiles) character file.

Game seed: 18223335333270508799

10305 Manisian the Severer (level 11, -5/95 HPs)
             Began as a Minotaur Gladiator on Nov 13, 2022.
             Was an Initiate of Yredelemnul.
             Shot with an arrow by a centaur warrior (17 damage)
             ... on level 10 of the Dungeon.
             The game lasted 00:17:18 (10136 turns).

Manisian the Severer (Minotaur Gladiator)          Turns: 10136, Time: 00:17:19

Health: -5/95      AC: 13    Str: 28    XL:     11   Next: 34%
Magic:  13/13      EV: 10    Int:  5    God:    Yredelemnul [......]
Gold:   1103       SH:  5    Dex: 13    Spells: 10/10 levels left

rFire   . . .      SeeInvis +    a - +2 war axe (protect)
rCold   . . .      Faith    .    (no shield)
rNeg    . . .      Spirit   .    m - +2 chain mail
rPois   .          Reflect  +    c - +0 hat
rElec   .          Harm     .    (no cloak)
rCorr   .          Rampage  .    (no gloves)
Will    .....                    (no boots)
Stlth   ..........               F - amulet of reflection
HPRegen 0.35/turn                f - +6 ring of strength
MPRegen 0.13/turn                x - ring of see invisible

@: mighty, invisible
A: horns 2, retaliatory headbutt
a: Renounce Religion, Recall Undead Harvest


You were on level 10 of the Dungeon.
You worshipped Yredelemnul.
Yredelemnul was noncommittal.
You visited 2 branches of the dungeon, and saw 11 of its levels.
You also visited: Sewer.

You collected 1148 gold pieces.
You spent 45 gold pieces at shops.

Inventory:

Hand Weapons
 a - a +2 war axe of protection (weapon)
 G - a +0 whip
Missiles
 d - 3 throwing nets (quivered)
 e - 6 javelins
 r - 2 silver javelins
 I - 16 poisoned darts
Armour
 b - a +1 leather armour
 c - a +0 hat (worn)
 m - a +2 chain mail (worn)
 q - a +0 scale mail
Jewellery
 f - a +6 ring of strength (left hand)
 h - a ring of fire
 j - an amulet of magic regeneration
 o - a ring of protection from cold
 x - a ring of see invisible (right hand)
 D - a ring of magical power
 F - an amulet of reflection (around neck)
 M - an amulet of guardian spirit
Wands
 v - a wand of paralysis (10)
 K - a wand of mindburst (14)
Scrolls
 i - 3 scrolls of torment
 k - a scroll of brand weapon
 u - 5 scrolls of magic mapping
 w - 3 scrolls of poison
 y - 2 scrolls of amnesia
 z - a scroll of butterflies
 A - 2 scrolls of fear
 J - 4 scrolls of teleportation
 L - 2 scrolls of identify
 N - a scroll of enchant weapon
Potions
 g - 2 potions of mutation
 l - 3 potions of flight
 n - 5 potions of degeneration
 p - 2 potions of magic
 s - 3 potions of haste
 B - a potion of resistance
 E - 4 potions of attraction
 H - 3 potions of ambrosia
 O - a potion of lignification {unknown}


   Skills:
 + Level 8.6 Fighting
 + Level 15.1 Axes
 + Level 2.0 Throwing
 - Level 10.0 Armour
 - Level 4.0 Dodging
 - Level 0.2 Stealth
 + Level 4.9 Shields
 - Level 5.0 Invocations


You had 10 spell levels left.
You didn't know any spells.
Your spell library contained the following spells:

 Spells                   Type           Power      Damage    Failure   Level
 Necrotise                Necr           0%         1d4       92%         1
 Shock                    Conj/Air       0%         1d3       92%         1
 Ignite Poison            Fire/Tmut/Pois 0%         N/A       100%        3
 Kindle Blastsparks       Fire/Tloc/Air  0%         2d10      100%        3
 Swiftness                Air            0%         N/A       100%        3
 Vampiric Draining        Necr           0%         2d6       100%        3
 Airstrike                Air            0%         2d(0-16)  100%        4
 Animate Armour           Summ/Erth      0%         N/A       100%        4
 Fulminant Prism          Conj/Hex       0%         3d5       100%        4
 Iskenderun's Mystic Bla  Conj/Tloc      0%         2d3       100%        4
 Agony                    Necr           0%         N/A       100%        5
 Blade Hands              Tmut           0%         N/A       100%        5
 Freezing Cloud           Conj/Ice/Air   0%         6-21      100%        5
 Lee's Rapid Deconstruct  Erth           0%         3d4*      100%        5
 Iron Shot                Conj/Erth      0%         9d1       100%        6


Dungeon Overview and Level Annotations

Branches:
Dungeon (10/15)            Temple (1/1) D:4           Sewer (visited)
   Lair: D:8-11         Orc: D:9-12

Altars:
Ashenzari
Cheibriados
Dithmenos
Elyvilon
Fedhas
Gozag
Hepliaklqana
Kikubaaqudgha
Makhleb
Nemelex Xobeh
Okawaru
Qazlal
Ru
Sif Muna
Trog
Uskayaw
Vehumet
Wu Jian
Xom
Yredelemnul
Zin
The Shining One

Shops:
D:8 (((:*


Innate Abilities, Weirdness & Mutations

You have a pair of horns on your head.
You reflexively headbutt those who attack you in melee.


Message History

The ten-headed hydra completely misses you.
The ten-headed hydra misses you. x2; The ten-headed hydra bites you!
You block the ten-headed hydra's attack.
The ten-headed hydra closely misses you.
The ten-headed hydra barely misses you.
You block the ten-headed hydra's attack.
The ten-headed hydra bites you but does no damage.
You hack one of the ten-headed hydra's heads off!
The nine-headed hydra grows two more!
You slash the 11-headed hydra!
Your headbutt misses the 11-headed hydra.
The 11-headed hydra is severely wounded.
A slime creature comes into view.
Unknown command.
You fade into invisibility!
The slime creature quivers.
The centaur warrior wields a +0 shortbow.
The centaur warrior shoots an arrow.
The arrow hits the 11-headed hydra!
The 11-headed hydra bites you.
* * * LOW HITPOINT WARNING * * *
The 11-headed hydra bites you.
* * * LOW HITPOINT WARNING * * *
The 11-headed hydra bites you but does no damage.
The 11-headed hydra closely misses you.
The 11-headed hydra bites you but does no damage.
The 11-headed hydra closely misses you. The 11-headed hydra bites you.
* * * LOW HITPOINT WARNING * * *
The 11-headed hydra bites you but does no damage. x2
The 11-headed hydra bites you.
* * * LOW HITPOINT WARNING * * *
The 11-headed hydra closely misses you.
The centaur warrior shoots an arrow.
The arrow hits the 11-headed hydra!
The 11-headed hydra dies!
Your Axes skill increases to level 15!
Unknown command.
The centaur warrior shoots an arrow.
The centaur warrior shoots an arrow.
The arrow hits you!
* * * LOW HITPOINT WARNING * * *
You feel better.
The centaur warrior shoots an arrow.
The arrow hits you!
You die...
Your body rises from the dead as a mindless zombie.

#.#.#.#.#.# ♣♣..♣♣♣♣..♣♣
♣...♣#
#...#.#.#.#♣♣.Z♣♣.##♣..♣♣
♣♣.♣♣# #...#.#.#.#♣.Z♣♣eJ
#♣..♣♣#♣...♣#
#.#Z#.#.#.#Z.♣♣)#
♣♣..♣#.~~~.#
#.#.).###.Z.♣♣.♣
♣♣.ZZZ.~ZZZ.
#.#.#Z#.#Z#♣♣..♣
♣♣..♣♣#Z~~~.# #.#.#Z#.#.#
♣.c♣♣ ♣♣ZZ♣♣ #♣...♣#
#.#.#.#.#Z# ♣♣..♣♣♣♣.Z♣♣
♣♣.♣♣# #.#.#.#.#Z#
♣♣.@♣♣..♣♣ ♣...♣#
#.#.#.#Z#Z# ♣♣....♣♣
♣♣.♣♣# #.#.#♣ZZ.♣# ♣♣..♣♣
♣...♣# #...#♣♣.♣♣ ♣♣.♣
♣♣.♣♣# #.#.###### #.# ###
# Z........# ♣.~ #
#Z.......# ♣~P♣ ###
#Z#.###### ♣P~♣


#ZZ #.#Z...#### ~~≈~ #Z# You could see a centaur warrior (unable to see you).

Vanquished Creatures
  A two-headed ogre (D:10)
  Amaemon (D:9)
  Joseph (D:9)
  An orange demon (D:9)
  The ghost of PimpSugar the Magician, a novice DsHW (D:5)
  2 trolls
  A vampire (D:10)
  2 shadows (D:10)
  A wyvern (D:10)
  9 yaks (D:10)
  A wraith (D:10)
  2 steam dragons (D:10)
  Duvessa (D:5)
  2 water moccasins
  An ice beast (D:7)
  2 orc warriors
  A black bear (D:4)
  A sky beast (D:7)
  An ogre (D:5)
  A centaur (D:9)
  2 phantoms (D:7)
  2 kobold brigands
  3 bullfrogs
  2 necrophages (D:4)
  2 scorpions
  A gnoll sergeant (D:6)
  4 wights (D:8)
  Dowan (D:5)
  14 killer bees
  A howler monkey (D:9)
  2 gnoll boudas
  5 orc priests
  Terence (D:3)
  3 iguanas
  Natasha (twice) (D:2)
  3 orc wizards
  2 human simulacra (D:9)
  20 gnolls
  8 adders
  4 river rats (Sewer)
  A shadow imp (D:6)
  A white imp (D:8)
  2 ufetubi (D:6)
  A worm (D:3)
  2 dart slugs
  31 orcs
  11 bats
  2 endoplasms (D:1)
  7 giant cockroaches
  5 goblins
  8 hobgoblins
  3 jackals (D:4)
  6 quokkas
  11 ball pythons
  6 frilled lizards
  13 kobolds
  15 rats
240 creatures vanquished.

Vanquished Creatures (collateral kills)
  Erica (D:9)
  A skeletal warrior (D:10)
  A troll (D:10)
  An ogre (D:6)
  2 killer bees (D:10)
  An orc wizard (D:8)
  An orc (D:8)
8 creatures vanquished.

Vanquished Creatures (others)
  A hydra (D:10)
  A two-headed ogre zombie (D:10)
  A wyvern zombie (D:10)
  A troll zombie (D:10)
  3 yak zombies (D:10)
  An orc wizard (D:10)
  3 killer bee zombies
  2 steam dragon zombies (D:10)
  2 gnoll zombies (D:7)
  3 kobold zombies
  5 orc zombies
  2 plants (D:8)
25 creatures vanquished.

Grand Total: 273 creatures vanquished

Notes
Turn   | Place    | Note
-------+----------+-------------------------------------------
     0 | D:1      | Manisian the Minotaur Gladiator began the quest for the
                  | Orb.
     0 | D:1      | Reached XP level 1. HP: 18/18 MP: 0/0
     2 | D:1      | You fall into a shaft and drop 1 floor!
   196 | D:1      | Reached XP level 2. HP: 8/25 MP: 1/1
   404 | D:1      | Reached skill level 4 in Axes
   871 | D:1      | Upgraded the game from 0.30-a0-359-gd0147acb1a to
                  | 0.30-a0-360-g447f08457e
   959 | D:2      | Found a faded altar of an unknown god.
   959 | D:2      | Noticed a floating eye
   999 | D:2      | Noticed Natasha
  1004 | D:2      | Noticed a crimson imp
  1004 | D:2      | Killed Natasha
  1005 | D:2      | Reached XP level 3. HP: 31/31 MP: 2/2
  1133 | D:2      | Noticed Natasha
  1135 | D:2      | Noticed a shining eye
  1140 | D:2      | Killed Natasha
  1141 | D:2      | Reached skill level 1 in Armour
  1141 | D:2      | Reached XP level 4. HP: 10/38 MP: 3/3
  1245 | D:2      | Noticed a great orb of eyes
  1301 | D:2      | Noticed a great orb of eyes
  1552 | D:3      | Reached skill level 5 in Axes
  1653 | D:3      | Found an iron altar of Okawaru.
  1975 | D:3      | Noticed Terence
  1983 | D:3      | Killed Terence
  1984 | D:3      | Reached XP level 5. HP: 41/45 MP: 4/4
  2444 | D:4      | Found a staircase to the Ecumenical Temple.
  2525 | D:4      | Noticed a black bear
  2533 | D:4      | Killed a black bear
  2534 | D:4      | Reached skill level 6 in Axes
  2534 | D:4      | Reached XP level 6. HP: 42/52 MP: 5/5
  2719 | D:4      | Reached skill level 7 in Axes
  2775 | D:4      | Found a glowing drain.
  2798 | Sewer    | Entered a sewer
  2927 | Sewer    | Reached XP level 7. HP: 50/58 MP: 6/6
  3446 | D:4      | Identified a scroll of acquirement
  3446 | D:4      | Acquired 559 gold pieces
  3450 | D:5      | Entered Level 5 of the Dungeon
  3619 | D:5      | Reached skill level 8 in Axes
  3619 | D:5      | Reached skill level 5 in Armour
  3780 | D:5      | Found a runed translucent gate.
  3780 | D:5      | Found a runed translucent gate.
  3782 | D:5      | Found a runed translucent gate.
  3804 | D:5      | Noticed Duvessa
  3804 | D:5      | Noticed Dowan
  3811 | D:5      | Killed Duvessa
  3828 | D:5      | Killed Dowan
  3953 | D:5      | Found a sparkling altar of Nemelex Xobeh.
  4016 | Temple   | Entered the Ecumenical Temple
  4036 | Temple   | Became a worshipper of Yredelemnul the Dark
  4156 | D:5      | Reached skill level 9 in Axes
  4358 | D:5      | Noticed PimpSugar's ghost (novice DsHW)
  4445 | D:5      | Killed PimpSugar's ghost
  4446 | D:5      | Reached XP level 8. HP: 4/66 MP: 7/7
  4752 | D:6      | Reached * piety under Yredelemnul
  4753 | D:6      | Reached skill level 10 in Axes
  5033 | D:6      | Reached ** piety under Yredelemnul
  5264 | D:6      | Identified the +0 leather armour of Miqodor {+Inv}
  5411 | D:6      | Found a bloodstained altar of Trog.
  5446 | D:6      | Found a radiant altar of Vehumet.
  5449 | D:6      | Found a glowing golden altar of the Shining One.
  5449 | D:6      | Found a stormy altar of Qazlal.
  5461 | D:6      | Reached *** piety under Yredelemnul
  5462 | D:6      | Found an opulent altar of Gozag.
  5465 | D:6      | Found a shimmering altar of Xom.
  5938 | D:7      | HP: 3/67 [poisoned by an orc]
  5940 | D:7      | HP: 1/67 [poisoned by an orc]
  6158 | D:7      | Reached skill level 5 in Fighting
  6158 | D:7      | Reached skill level 11 in Axes
  6158 | D:7      | Reached XP level 9. HP: 50/74 MP: 8/8
  6530 | D:7      | Found a broken altar of Ashenzari.
  7003 | D:8      | Found Finwa's Book Shoppe.
  7073 | D:8      | Found a shimmering blue altar of Sif Muna.
  7127 | D:8      | Reached skill level 1 in Shields
  7279 | D:8      | Found Jacwytwe's Antique Weapon Shoppe.
  7481 | D:8      | Reached skill level 12 in Axes
  7704 | D:8      | Reached **** piety under Yredelemnul
  7807 | D:8      | Found Uthruiske's Antique Weapon Shoppe.
  7937 | D:8      | Found Norghotz's Weapon Emporium.
  7958 | D:8      | Found Padeid's General Store.
  7967 | D:8      | Bought a potion of curing for 45 gold pieces
  8076 | D:9      | Noticed Amaemon
  8076 | D:9      | Noticed an orange demon
  8116 | D:9      | Noticed a troll
  8124 | D:9      | Killed a troll
  8125 | D:9      | Reached skill level 1 in Invocations
  8451 | D:9      | Noticed Joseph
  8466 | D:9      | Killed Joseph
  8467 | D:9      | Reached XP level 10. HP: 33/84 MP: 10/10
  8656 | D:9      | Killed an orange demon
  8664 | D:9      | Killed Amaemon
  8665 | D:9      | Reached skill level 13 in Axes
  8885 | D:9      | Noticed Erica
  8894 | D:9      | Killed Erica
  8895 | D:9      | Reached skill level 10 in Armour
  9112 | D:10     | Entered Level 10 of the Dungeon
  9284 | D:10     | Noticed a two-headed ogre
  9289 | D:10     | Killed a two-headed ogre
  9290 | D:10     | Reached skill level 14 in Axes
  9485 | D:10     | Reached XP level 11. HP: 86/94 MP: 13/13
  9861 | D:10     | Reached ***** piety under Yredelemnul
 10096 | D:10     | Noticed a deep elf pyromancer
 10098 | D:10     | Noticed a six-headed hydra
 10098 | D:10     | Noticed a centaur warrior
 10098 | D:10     | Noticed a skeletal warrior
 10116 | D:10     | Killed a skeletal warrior
 10117 | D:10     | Reached skill level 5 in Invocations
 10132 | D:10     | Killed an 11-headed hydra
 10133 | D:10     | Reached skill level 15 in Axes
 10136 | D:10     | Shot with an arrow by a centaur warrior

Illustrated notes

Levels and vault maps discovered:
D:1:      dpeg_arrival_concentric_ovals, layout_basic, minmay_surrounded
D:2:      layout_basic, hellmonk_ecumenical_altar_watching_god, uniq_natasha
D:3:      minmay_spotlight, layout_basic, okawaru_metal_pillars_1_2,
          uniq_terence
D:4:      layout_rooms, minmay_temple_entry_water_ring, gup_sewer_entry_pipe
D:5:      layout_loops_cross, nemelex_diamond_rough_becter,
          ebering_ghost_rock_garden, uniq_duvessa
D:6:      layout_basic, minmay_overflow_temple_star_hex,
          mainiacjoe_overflow_alcove_4, minivault_26, palyth_stone_intersect
D:7:      layout_loops_corners, marbit_many_paths
D:8:      layout_loops_ring, kennysheep_little_box, serial_shops, shop,
          nicolae_lakefront_shop, nicolae_shop_overgrown_old_shop, shop, shop,
          nicolae_figureground_pulse
D:9:      layout_small_grid, bh_circular_ruins, uniq_amaemon, uniq_erica,
          uniq_joseph
D:10:     nzn_winding_woodlands_cross [nzn_winding_woodlands_5x15_longhouse,
          nzn_winding_woodlands_5x15_split_checker,
          nzn_winding_woodlands_5x15_lazy_stream,
          nzn_winding_woodlands_5x15_pool,
          nzn_winding_woodlands_15x15_thick_spiral], layout_basic,
          kennysheep_orc_monster_closet_entryway, grunt_ministairs_10,
          minmay_parallelograms, uniq_maggie, uniq_sonja
Temple:   hellmonk_temple_two_chambers

Skill      XL: |  1  2  3  4  5  6  7  8  9 10 11 |
---------------+----------------------------------+-----
Axes           | 4 5 6 7 9 11 12 14 15 | 15.1
Fighting       | 3 5 6 7 8 |  8.6
Dodging        | 4 |  4.0
Armour         | 1 2 3 4 6 7 9 10 | 10.0
Shields        | 2 4 |  4.9
Invocations    | 1 4 5 |  5.0
Throwing       | |  2.0
Stealth        | |  0.2

Action                   |  1- 3 |  4- 6 |  7- 9 | 10-12 || total
-------------------------+-------+-------+-------+-------++-------
Melee: War axe           |    54 |   123 |   297 |   128 ||   602
       Headbutt          |     7 |    14 |    52 |    22 ||    95
       Punch             |       |     4 |     3 |     1 ||     8
Invok: Recall Undead Har |       |       |     1 |       ||     1
       Dark Bargain      |       |       |       |     1 ||     1
  Use: Scroll            |     3 |     7 |    17 |     4 ||    31
       Potion            |       |       |     2 |     6 ||     8
 Stab: Distracted        |       |       |     1 |     3 ||     4
Armor: Leather armour    |    16 |       |       |       ||    16
       Chain mail        |       |    64 |   133 |    76 ||   273
Dodge: Dodged            |    38 |    55 |   166 |    67 ||   326
Block: Other             |       |       |    40 |    43 ||    83
       Reflection        |       |       |     1 |       ||     1

Table legend: (Time is in decaauts)
 A = Elapsed time spent in this place.
 B = Non-inter-level travel time spent in this place.
 C = Inter-level travel time spent in this place.
 D = Time resting spent in this place.
 E = Time spent auto-exploring this place.
 F = Levels seen in this place.
 G = Mean time per level.
                   A        B        C        D        E       F      G
               +--------+--------+--------+--------+--------+-----+--------+
         Total |  10220 |   9862 |    358 |    568 |   7627 |  12 |  851.7 |
       Dungeon |   9699 |   9355 |    344 |    542 |   7269 |  10 |  969.9 |
        Temple |     26 |     13 |     13 |      0 |     10 |   1 |   26.0 |
         Sewer |    493 |    493 |      0 |     26 |    348 |   1 |  493.0 |
               +--------+--------+--------+--------+--------+-----+--------+

Top non-repeatable levels by time:
     D:7: 1303 daAuts
     D:5: 1148 daAuts
     D:9: 1062 daAuts
     D:8: 1035 daAuts
     D:6: 1033 daAuts
    D:10: 1005 daAuts
     D:3: 920 daAuts
     D:1: 790 daAuts
     D:2: 770 daAuts
     D:4: 630 daAuts
   Sewer: 493 daAuts
  Temple: 26 daAuts
